 Dungeon Crawl Stone Soup version 0.20.1-1-g8b1a95d (webtiles) character file.

131 vatarom the Sneak (level 5, 27/30 HPs)
             Began as a Vine Stalker Assassin on July 13, 2017.
             Quit the game on level 2 of the Dungeon on Aug 25, 2017.
             The game lasted 00:05:24 (1506 turns).

vatarom the Sneak (Vine Stalker Assassin)           Turns: 1506, Time: 00:05:25

Health: 27/30      AC:  3    Str: 13    XL:     5   Next: 14%
Magic:  13/15      EV: 11    Int: 11    God:
Gold:   181        SH:  0    Dex: 17    Spells: 4/4 levels left

rFire    . . .     SeeInvis .   a - +3 dagger
rCold    . . .     Gourm    .   (no shield)
rNeg     . . .     Faith    .   c - +0 robe
rPois    .         Spirit   +   (no helmet)
rElec    .         Reflect  .   d - +0 cloak
rCorr    .         Harm     .   (no gloves)
MR       .....                  (no boots)
Stlth    +++.......             (no amulet)
Regen    0.5/turn               k - ring of magical power
MPRegen  0.2/turn               (no ring)

@: mildly poisoned (27 -> 26)
A: fangs 2, regeneration 1, magic shield, antimagic bite, no potion heal 3, rot
immunity
a: no special abilities


You were on level 2 of the Dungeon.
You were not hungry.

You visited 1 branch of the dungeon, and saw 2 of its levels.

You collected 181 gold pieces.

Inventory:

Hand Weapons
 a - a +3 dagger (weapon)
 b - a +1 blowgun
Missiles
 e - 8 poisoned needles
 f - 2 curare-tipped needles
Armour
 c - a +0 robe (worn)
 d - a +0 cloak (worn)
Jewellery
 k - a ring of magical power (left hand)
Wands
 l - a wand of random effects (17/48)
Scrolls
 m - a scroll of enchant weapon
 n - 2 scrolls of enchant armour {unknown}
 p - a scroll of identify
Potions
 o - a potion of ambrosia {unknown}
 q - a potion of magic {unknown}
Comestibles
 g - 2 bread rations
 h - 2 chunks of flesh
 i - a meat ration
 j - 7 fruits


   Skills:
 + Level 4.6 Fighting
 - Level 1.7 Short Blades
 - Level 1.7 Throwing
 - Level 0.7 Dodging
 - Level 5.0 Stealth


You had 4 spell levels left.
You didn't know any spells.

Dungeon Overview and Level Annotations

Branches:
Dungeon (2/15)

Altars:


Innate Abilities, Weirdness & Mutations

You have extremely sharp teeth.
Your natural rate of healing is unusually fast.
When hurt, damage is shared between your health and your magic reserves.
Your bite disrupts and absorbs the magic of your enemies.
Potions cannot restore your health.
You are immune to rotting.


Message History

Found 15 sling bullets.
An adder comes into view.
The adder hisses angrily.
An adder is nearby!
You closely miss the adder. The adder barely misses you.
You closely miss the adder. You bite the adder. You drain its power.
The adder is moderately wounded.
The adder bites you.
You are poisoned.
The adder poisons you!
You hit the adder. Your bite misses the adder.
The adder is severely wounded.
You feel sick. The adder bites you but does no damage.
You hit the adder.
The adder is almost dead.
The adder bites you but does no damage. x2
You barely miss the adder.
The adder is almost dead.
You feel sick. The adder bites you.
Are you sure you want to abandon this character and quit the game? (Confirm with "yes".)

#...#.......###.#.#.......)..
...+.......#.....#.###.###.#
#####.#.......#.#.###.#<..(....
#.......###...#.#.# #.####.##.#
#.......# #...#.#.# #.......[..
#.......# #.......# #######.#.#
#####.#########.###########.#.#
###.........S................
#...........@.###########...#
#.#########..........# ##...
#.# #.###..........# #... #.#
#..............# ##.. #.#
#.###.....)....# #.. #.# #.#
#..........# #.. #.# #.#
#..........# #>. #.# #.#
#..........#######. #.#####.#
#..........#.<.....


You could see an adder.

Vanquished Creatures
  Crazy Yiuf (D:2)
  Jessica (D:2)
  3 adders (D:2)
  A dart slug (D:1)
  2 ball pythons (D:2)
  3 giant cockroaches
  9 goblins
  4 hobgoblins
  3 jackals (D:2)
  4 kobolds
  7 bats
  A frilled lizard (D:2)
  7 rats
46 creatures vanquished.

Notes
Turn   | Place    | Note
-------+----------+-------------------------------------------
     0 | D:1      | vatarom the Vine Stalker Assassin began the quest for the Orb.
     0 | D:1      | Reached XP level 1. HP: 11/11 MP: 2/2
    64 | D:1      | Reached skill level 5 in Stealth
   133 | D:1      | Reached XP level 2. HP: 15/15 MP: 3/3
   534 | D:1      | Reached XP level 3. HP: 19/19 MP: 4/4
   723 | D:2      | Noticed Jessica
   728 | D:2      | Killed Jessica
   728 | D:2      | Gained mutation: Your natural rate of healing is unusually fast. [Vine Stalker growth]
   728 | D:2      | Reached XP level 4. HP: 14/25 MP: 5/5
  1023 | D:2      | Found a faded altar of an unknown god.
  1071 | D:2      | Found a runed door.
  1151 | D:2      | Noticed Crazy Yiuf
  1166 | D:2      | Killed Crazy Yiuf
  1166 | D:2      | Reached XP level 5. HP: 30/30 MP: 6/6
  1506 | D:2      | Quit the game

Skill      XL: |  1  2  3  4 |
---------------+-------------+-----
Stealth        | 5 |  5.0
Fighting       | 2 3 4 |  4.6
Short Blades   | |  1.7
Throwing       | |  1.7
Dodging        | |  0.7

Action                   |  1- 3 |  4- 6 || total
-------------------------+-------+-------++-------
Melee: Dagger            |    54 |    64 ||   118
       Bite              |    16 |    12 ||    28
 Fire: Blowgun           |       |     3 ||     3
  Use: Scroll            |     6 |       ||     6
       Potion            |     3 |       ||     3
 Stab: Sleeping          |     5 |     6 ||    11
  Eat: Chunk             |       |     2 ||     2
Armor: Robe              |    19 |    19 ||    38
Dodge: Dodged            |    33 |    32 ||    65
